 Dungeon Crawl Stone Soup version 0.17-a0-1534-gf98da79 (webtiles) character file.

57 urechis the Conjurer (level 4, -2/24 HPs)
             Began as a Gargoyle Wizard on July 17, 2015.
             Slain by Sigmund
             ... wielding a +0 scythe
              (6 damage)
             ... on level 2 of the Dungeon.
             The game lasted 00:04:07 (2227 turns).

urechis the Conjurer (Gargoyle Wizard)              Turns: 2227, Time: 00:04:08

Health: -2/24      AC:  5    Str: 11    XL:     4   Next: 0%
Magic:  1/8        EV: 12    Int: 23    God:
Gold:   92         SH:  0    Dex: 10    Spells: 1 memorised, 8 levels left

rFire  . . .     SeeInvis .     h - +0 short sword
rCold  . . .     Clarity  .     a - +0 robe
rNeg   + . .     SustAt   .     (no shield)
rPois  ∞         Gourm    .     b - +0 hat
rElec  +         Spirit   .     (no cloak)
rCorr  .         Warding  .     (no gloves)
rMut   .         Stasis   .     (no boots)
MR     .....                    (no amulet)
Stlth  +.........               o - +2 ring of dexterity
                                e - +4 ring of intelligence

@: confused, very slightly contaminated, not resistant to hostile enchantments,
very unstealthy
A: negative energy resistance 1, electricity resistance, unbreathing,
petrification resistance, rot immunity, AC +3
a: no special abilities


You were on level 2 of the Dungeon.
You were not hungry.

You visited 1 branch of the dungeon, and saw 2 of its levels.

You collected 92 gold pieces.

Inventory:

Hand weapons
 h - a +0 short sword (weapon)
Armour
 a - a +0 robe (worn)
 b - a +0 hat (worn)
Jewellery
 e - a +4 ring of intelligence (left hand)
 o - a +2 ring of dexterity (right hand)
Scrolls
 j - 2 scrolls of identify {unknown}
 n - 2 scrolls of amnesia {unknown}
Potions
 f - a potion of mutation {unknown}
 i - a potion of agility {unknown}
 k - a potion of magic {unknown}
 l - a potion of might {unknown}
 m - a potion of haste {unknown}
 p - a potion of resistance {unknown}
Books
 c - a book of Minor Magic

   Spells                             Type                      Level
   a - Magic Dart                     Conjuration                  1
   b - Blink                          Translocation                2
   c - Call Imp                       Summoning                    2
   d - Repel Missiles                 Charms/Air                   2
   e - Slow                           Hexes                        2
   f - Conjure Flame                  Conjuration/Fire             3
   g - Mephitic Cloud                 Conjuration/Poison/Air       3
Comestibles
 d - 3 bread rations
 g - 3 meat rations


   Skills:
 - Level 1.5 Dodging
 - Level 2.1 Stealth
 - Level 3.0 Spellcasting
 + Level 4.1 Conjurations
   Level 0.8 Summonings
   Level 0.8 Translocations


You had 8 spell levels left.
You knew the following spells:

 Your Spells              Type           Power        Failure   Level  Hunger
a - Magic Dart            Conj           ###.         2%          1    None


Dungeon Overview and Level Annotations

Branches:
Dungeon (2/15)

Altars:
Gozag
Makhleb
Ru

Annotations:
D:2 Sigmund


Innate Abilities, Weirdness & Mutations

You are resistant to torment.
Your stone body is resilient (AC +3).
You are immune to poison.
You resist negative energy.
You are resistant to electric shocks.
You can survive without breathing.
You are immune to petrification.
You are immune to rotting.


Message History

Confirm with . or Enter, or press ? or * to list all spells.
Aiming: Magic Dart
Press: ? - help, Shift-Dir - straight line, f/p - Sigmund
Aim: Sigmund, wielding a scythe and wearing a robe (severely wounded)
The magic dart hits Sigmund.
Sigmund is almost dead.
Sigmund closely misses you.
Casting: Magic Dart
Confirm with . or Enter, or press ? or * to list all spells.
Aiming: Magic Dart
Press: ? - help, Shift-Dir - straight line, f/p - Sigmund
Aim: Sigmund, wielding a scythe and wearing a robe (almost dead)
The magic dart hits Sigmund.
Sigmund is almost dead.
You closely miss Sigmund.
Sigmund is almost dead.
Sigmund casts a spell at you.
You are confused.
You bump into the rock wall.
Sigmund hits you with a scythe.
You die...

##### #.#
#
#######.#
#
........#
#
#######.#
# #.# #
#.# # #.#
#
########.#
#.....@@.#
#.########


You could see Sigmund.

Vanquished Creatures
  An adder (D:2)
  An ooze (D:2)
  3 giant geckos
  5 giant cockroaches
  3 hobgoblins
  6 kobolds
  5 bats (D:1)
  3 giant newts
  8 goblins
  7 rats
42 creatures vanquished.

Notes
Turn   | Place    | Note
--------------------------------------------------------------
     0 | D:1      | urechis the Gargoyle Wizard began the quest for the Orb.
     0 | D:1      | Reached XP level 1. HP: 10/10 MP: 4/4
   236 | D:1      | Reached XP level 2. HP: 15/15 MP: 1/6
   962 | D:1      | Reached XP level 3. HP: 16/19 MP: 4/7
  1859 | D:2      | Found a sacrificial altar of Ru.
  1929 | D:2      | Found a burning altar of Makhleb.
  1930 | D:2      | Found an opulent altar of Gozag.
  2086 | D:2      | Reached skill level 4 in Conjurations
  2167 | D:2      | Reached XP level 4. HP: 21/24 MP: 3/8
  2215 | D:2      | Noticed Sigmund
  2227 | D:2      | Slain by Sigmund

Vault maps used:
D:1:      lightli_arrival_boilingwater, minmay_distorted
D:2:      grunt_temple_overflow_open, uniq_sigmund

Action                   |  1- 3 |  4- 6 || total
-------------------------+-------+-------++-------
Melee: Dagger            |    22 |       ||    22
       Short sword       |    40 |     2 ||    42
 Cast: Magic Dart        |    70 |     8 ||    78
 Stab: Sleeping          |     2 |     1 ||     3
  Eat: Chunk             |     4 |       ||     4
